[ AOE2 MATCH · #474712901 ]
Team RMEthiopians vs Britons
[ REPLAY ANALYSIS · EXTRACTED FROM THE RECORDED GAME ]
Feudal
11:05
Castle
14:46
Imperial
—
| APM avg | 32.5 |
| APM peak | 59 |
| eAPM avg | 15.1 |
| Villagers / military | 64 / 63 |
Focus
⚔️ 26.5% · 🌾 73.5%
Shotel Warrior ×43 · Petard ×10 · Battering Ram ×10
Feudal
10:57
Castle
14:54
Imperial
32:41
| APM avg | 63.5 |
| APM peak | 96 |
| eAPM avg | 27.4 |
| Villagers / military | 202 / 23 |
Focus
⚔️ 17.3% · 🌾 82.7%
Archer ×14 · Monk ×5 · Mangonel ×2 · Spearman ×2
Feudal
13:01
Castle
17:18
Imperial
—
| APM avg | 23.3 |
| APM peak | 47 |
| eAPM avg | 10.5 |
| Villagers / military | 81 / 22 |
Focus
⚔️ 11.8% · 🌾 88.2%
Conquistador ×20 · Petard ×2
Feudal
11:21
Castle
14:53
Imperial
—
| APM avg | 48.6 |
| APM peak | 110 |
| eAPM avg | 29.8 |
| Villagers / military | 150 / 32 |
Focus
⚔️ 38.5% · 🌾 61.5%
Longbowman ×16 · Scout Cavalry ×9 · Archer ×4 · Mangonel ×3
Match map
Initial resources + every placement click. Lines = walls · curves = elevation contours. ◆ gold · ⬟ stone · ● berries · ✦ relic · ◌ wall gap
Inputs per minute
— Xavyyy - - AI agent
Build order — Xavyyy
First 150 of 178 actions detected
| 0:02 | Create | Villager (Male) ×4 |
| 0:06 | Build | House |
| 0:07 | Build | House |
| 1:43 | Create | Villager (Male) |
| 1:48 | Build | Lumber Camp |
| 2:07 | Create | Villager (Male) |
| 2:31 | Create | Villager (Male) |
| 2:54 | Create | Villager (Male) |
| 3:17 | Create | Villager (Male) |
| 3:23 | Create | Villager (Male) |
| 3:28 | Build | House |
| 3:29 | Build | House |
| 4:14 | Create | Villager (Male) |
| 4:35 | Create | Villager (Male) |
| 5:00 | Create | Villager (Male) |
| 5:01 | Create | Villager (Male) |
| 5:25 | Create | Villager (Male) |
| 5:37 | Build | Mill |
| 6:25 | Create | Villager (Male) |
| 6:41 | Create | Villager (Male) |
| 7:04 | Build | Farm |
| 7:05 | Build | Farm |
| 7:12 | Create | Villager (Male) |
| 7:33 | Create | Villager (Male) |
| 7:58 | Create | Villager (Male) |
| 7:58 | Create | Villager (Male) |
| 8:13 | Build | Mining Camp |
| 8:25 | Research | Feudal Age |
| 9:42 | Create | Villager (Male) |
| 9:43 | Create | Villager (Male) |
| 9:57 | Build | Mining Camp |
| 10:23 | Build | House |
| 10:42 | Build | Farm |
| 10:46 | Build | Farm |
| 11:05 | Age | Feudal Age |
| 11:06 | Build | Blacksmith |
| 11:10 | Build | Market |
| 12:06 | Research | Castle Age |
| 12:11 | Research | Double-Bit Axe |
| 13:16 | Create | Villager (Male) |
| 13:16 | Create | Villager (Male) |
| 14:28 | Build | House |
| 14:46 | Age | Castle Age |
| 15:14 | Build | Siege Workshop |
| 15:28 | Create | Villager (Male) |
| 15:36 | Build | Castle |
| 15:54 | Create | Villager (Male) |
| 16:02 | Create | Battering Ram |
| 16:10 | Build | House |
| 16:24 | Create | Battering Ram |
| 16:30 | Create | Villager (Male) |
| 16:48 | Build | House |
| 16:55 | Create | Shotel Warrior |
| 16:56 | Create | Shotel Warrior |
| 17:02 | Build | Farm |
| 17:04 | Build | Farm |
| 17:04 | Create | Villager (Male) |
| 17:09 | Create | Shotel Warrior |
| 17:12 | Build | House |
| 17:28 | Build | House |
| 17:35 | Create | Shotel Warrior |
| 17:35 | Create | Shotel Warrior |
| 17:36 | Create | Villager (Male) |
| 17:40 | Create | Villager (Male) |
| 17:51 | Create | Shotel Warrior |
| 17:55 | Create | Shotel Warrior |
| 18:06 | Create | Battering Ram |
| 18:16 | Create | Villager (Male) |
| 18:26 | Build | Farm |
| 18:26 | Build | Farm |
| 18:26 | Build | Farm |
| 18:26 | Build | Farm |
| 18:27 | Build | Farm |
| 18:28 | Create | Shotel Warrior |
| 18:28 | Create | Shotel Warrior |
| 18:59 | Create | Shotel Warrior |
| 18:59 | Create | Shotel Warrior |
| 19:03 | Create | Villager (Male) |
| 19:05 | Create | Shotel Warrior |
| 19:06 | Create | Shotel Warrior |
| 19:08 | Create | Battering Ram |
| 19:24 | Build | Farm |
| 19:26 | Create | Shotel Warrior |
| 19:30 | Build | House |
| 19:31 | Build | House |
| 19:43 | Create | Shotel Warrior |
| 19:43 | Create | Shotel Warrior |
| 20:09 | Create | Villager (Male) |
| 20:09 | Create | Villager (Male) |
| 20:14 | Create | Battering Ram |
| 20:21 | Create | Villager (Male) |
| 20:23 | Create | Shotel Warrior |
| 20:23 | Create | Shotel Warrior |
| 20:40 | Build | Building 490 |
| 20:40 | Create | Villager (Male) |
| 20:46 | Build | Farm |
| 21:00 | Create | Shotel Warrior |
| 21:00 | Create | Shotel Warrior |
| 21:39 | Create | Villager (Male) |
| 21:39 | Create | Villager (Male) |
| 22:03 | Create | Villager (Male) |
| 22:03 | Create | Villager (Male) |
| 22:04 | Create | Villager (Male) |
| 22:33 | Create | Shotel Warrior |
| 22:33 | Create | Shotel Warrior |
| 22:49 | Create | Villager (Male) |
| 22:49 | Create | Villager (Male) |
| 22:58 | Build | House |
| 22:58 | Build | House |
| 23:04 | Build | Farm |
| 23:04 | Build | Farm |
| 23:05 | Build | Farm |
| 23:05 | Build | Farm |
| 23:05 | Build | Farm |
| 23:22 | Create | Villager (Male) |
| 23:22 | Create | Villager (Male) |
| 23:29 | Create | Battering Ram |
| 23:29 | Create | Battering Ram |
| 23:49 | Create | Shotel Warrior |
| 23:49 | Create | Shotel Warrior |
| 24:09 | Create | Villager (Male) |
| 24:12 | Build | House |
| 24:12 | Build | House |
| 24:42 | Create | Villager (Male) |
| 24:43 | Create | Shotel Warrior |
| 24:50 | Build | Town Center |
| 25:09 | Create | Villager (Male) |
| 25:13 | Create | Shotel Warrior |
| 25:13 | Create | Shotel Warrior |
| 25:18 | Create | Petard ×2 |
| 25:18 | Create | Petard ×2 |
| 25:54 | Create | Petard |
| 25:55 | Create | Petard |
| 26:08 | Create | Villager (Male) |
| 26:36 | Create | Villager (Male) |
| 26:36 | Create | Villager (Male) |
| 26:49 | Build | Mining Camp |
| 26:56 | Create | Villager (Male) |
| 27:07 | Create | Villager (Male) |
| 27:08 | Create | Villager (Male) |
| 27:16 | Create | Villager (Male) |
| 27:17 | Create | Villager (Male) |
| 27:21 | Build | Farm |
| 27:22 | Build | Farm |
| 27:22 | Build | Farm |
| 27:22 | Build | Farm |
| 27:22 | Build | Farm |
| 27:23 | Build | Farm |
| 27:23 | Build | Farm |
| 27:36 | Create | Shotel Warrior |
Build order — AI agent
First 150 of 398 actions detected
| 0:01 | Create | Villager (Male) |
| 0:01 | Create | Villager (Male) |
| 0:02 | Build | House |
| 0:05 | Build | House |
| 0:20 | Create | Villager (Male) |
| 0:32 | Create | Villager (Male) |
| 1:39 | Create | Villager (Male) |
| 1:48 | Build | Lumber Camp |
| 2:00 | Create | Villager (Male) |
| 2:22 | Create | Villager (Male) |
| 2:34 | Create | Villager (Male) |
| 3:07 | Create | Villager (Male) |
| 3:31 | Create | Villager (Male) |
| 3:34 | Build | House |
| 3:34 | Build | House |
| 3:51 | Create | Villager (Male) |
| 4:17 | Build | Mill |
| 4:27 | Create | Villager (Male) |
| 4:31 | Build | House |
| 4:55 | Create | Villager (Male) |
| 5:10 | Create | Villager (Male) |
| 5:35 | Create | Villager (Male) |
| 6:04 | Create | Villager (Male) |
| 6:04 | Create | Villager (Male) |
| 6:05 | Create | Villager (Male) |
| 6:05 | Create | Villager (Male) |
| 7:02 | Create | Villager (Male) |
| 7:02 | Create | Villager (Male) |
| 7:03 | Create | Villager (Male) |
| 7:03 | Create | Villager (Male) |
| 7:03 | Create | Villager (Male) |
| 7:09 | Build | Farm |
| 7:12 | Build | Farm |
| 7:37 | Create | Villager (Male) |
| 7:45 | Build | Farm |
| 8:05 | Build | Mining Camp |
| 8:43 | Research | Feudal Age |
| 8:43 | Research | Feudal Age |
| 9:11 | Build | House |
| 9:13 | Build | Barracks |
| 10:19 | Create | Villager (Male) |
| 10:20 | Create | Villager (Male) |
| 10:35 | Create | Villager (Male) |
| 10:57 | Age | Feudal Age |
| 11:00 | Build | Blacksmith |
| 11:01 | Build | Archery Range |
| 11:06 | Create | Villager (Male) |
| 11:46 | Build | Archery Range |
| 12:14 | Research | Castle Age |
| 12:14 | Research | Castle Age |
| 12:38 | Research | Double-Bit Axe |
| 12:38 | Research | Double-Bit Axe |
| 12:45 | Research | Horse Collar |
| 12:46 | Research | Horse Collar |
| 12:47 | Create | Spearman |
| 12:55 | Build | Farm |
| 13:02 | Create | Archer ×2 |
| 13:29 | Build | House |
| 13:35 | Create | Villager (Male) |
| 13:38 | Create | Archer ×4 |
| 13:38 | Create | Archer ×4 |
| 13:50 | Create | Villager (Male) |
| 13:57 | Build | House |
| 14:03 | Create | Archer |
| 14:11 | Create | Spearman |
| 14:14 | Create | Archer |
| 14:14 | Create | Archer |
| 14:15 | Create | Archer |
| 14:15 | Create | Villager (Male) |
| 14:26 | Create | Villager (Male) |
| 14:53 | Build | House |
| 14:54 | Age | Castle Age |
| 15:04 | Create | Villager (Male) |
| 15:17 | Build | Monastery |
| 15:29 | Create | Villager (Male) |
| 15:32 | Research | Bow Saw |
| 15:32 | Research | Bow Saw |
| 15:55 | Create | Villager (Male) |
| 16:04 | Research | Fervor |
| 16:05 | Create | Monk |
| 16:05 | Create | Monk |
| 16:06 | Create | Monk |
| 16:13 | Create | Villager (Male) |
| 16:15 | Build | Farm |
| 16:29 | Build | Farm |
| 16:32 | Build | Farm |
| 16:34 | Create | Villager (Male) |
| 16:37 | Build | Farm |
| 17:03 | Create | Villager (Male) |
| 17:05 | Build | Town Center |
| 17:09 | Create | Villager (Male) |
| 17:13 | Build | Farm |
| 17:14 | Build | Farm |
| 17:27 | Build | Farm |
| 17:29 | Create | Villager (Male) |
| 17:37 | Create | Villager (Male) |
| 17:47 | Create | Monk |
| 17:55 | Create | Villager (Male) |
| 18:09 | Create | Villager (Male) |
| 18:23 | Build | House |
| 18:26 | Create | Villager (Male) |
| 18:31 | Create | Villager (Male) |
| 18:32 | Create | Villager (Male) |
| 18:32 | Create | Villager (Male) |
| 18:43 | Build | Town Center |
| 18:50 | Build | House |
| 18:50 | Build | House |
| 18:56 | Create | Monk |
| 18:59 | Create | Villager (Male) |
| 19:00 | Create | Villager (Male) |
| 19:02 | Create | Villager (Male) |
| 19:10 | Create | Villager (Male) |
| 19:10 | Create | Villager (Male) |
| 19:23 | Build | Siege Workshop |
| 19:26 | Create | Villager (Male) |
| 19:36 | Create | Villager (Male) |
| 19:36 | Create | Villager (Male) |
| 19:37 | Create | Villager (Male) |
| 19:37 | Create | Villager (Male) |
| 19:56 | Build | Farm |
| 19:57 | Build | Farm |
| 19:57 | Build | Farm |
| 19:59 | Build | Farm |
| 20:00 | Build | Farm |
| 20:06 | Create | Villager (Male) |
| 20:20 | Create | Villager (Male) |
| 20:24 | Build | House |
| 20:25 | Build | House |
| 20:28 | Create | Mangonel |
| 20:31 | Build | Farm |
| 20:33 | Create | Villager (Male) |
| 20:33 | Create | Villager (Male) |
| 20:41 | Create | Villager (Male) |
| 20:51 | Build | Farm |
| 20:52 | Build | Farm |
| 20:55 | Build | Farm |
| 20:56 | Build | Farm |
| 20:58 | Create | Villager (Male) |
| 20:59 | Create | Villager (Male) |
| 20:59 | Create | Villager (Male) |
| 21:09 | Create | Villager (Male) |
| 21:09 | Create | Villager (Male) |
| 21:17 | Build | House |
| 21:51 | Create | Villager (Male) |
| 21:51 | Create | Villager (Male) |
| 21:51 | Create | Villager (Male) |
| 21:52 | Create | Villager (Male) |
| 21:57 | Build | House |
| 22:00 | Build | Farm |
| 22:01 | Build | Farm |
Build order — Vicko Guty
First 150 of 168 actions detected
| 0:06 | Build | House |
| 0:08 | Build | House |
| 0:11 | Build | House |
| 0:21 | Create | Villager (Male) ×4 |
| 0:21 | Create | Villager (Male) ×4 |
| 1:52 | Create | Villager (Male) |
| 2:22 | Create | Villager (Male) |
| 2:54 | Create | Villager (Male) |
| 3:04 | Build | Lumber Camp |
| 3:32 | Create | Villager (Male) |
| 3:32 | Create | Villager (Male) |
| 3:33 | Create | Villager (Male) |
| 4:01 | Create | Villager (Male) |
| 4:05 | Build | House |
| 4:29 | Build | House |
| 5:10 | Create | Villager (Male) |
| 6:03 | Create | Villager (Male) |
| 6:03 | Create | Villager (Male) |
| 6:03 | Create | Villager (Male) |
| 6:04 | Create | Villager (Male) |
| 6:04 | Create | Villager (Male) |
| 6:57 | Create | Villager (Male) |
| 7:56 | Create | Villager (Male) |
| 7:56 | Create | Villager (Male) |
| 8:14 | Create | Villager (Male) |
| 8:14 | Create | Villager (Male) |
| 8:14 | Create | Villager (Male) |
| 9:08 | Create | Villager (Male) |
| 9:26 | Build | Mill |
| 9:38 | Create | Villager (Male) |
| 10:07 | Build | Mining Camp |
| 10:35 | Research | Feudal Age |
| 11:31 | Create | Villager (Male) |
| 11:31 | Create | Villager (Male) |
| 12:04 | Build | Farm |
| 12:09 | Build | Farm |
| 12:15 | Build | Farm |
| 12:20 | Build | Farm |
| 12:47 | Build | Mining Camp |
| 13:01 | Age | Feudal Age |
| 13:05 | Build | Market |
| 13:39 | Build | Blacksmith |
| 14:02 | Build | House |
| 14:38 | Research | Castle Age |
| 15:04 | Build | Farm |
| 15:22 | Create | Villager (Male) |
| 15:22 | Create | Villager (Male) |
| 15:22 | Create | Villager (Male) |
| 16:28 | Research | Scale Barding Armor |
| 17:18 | Age | Castle Age |
| 17:27 | Build | Castle |
| 17:39 | Build | Farm |
| 17:49 | Build | Farm |
| 18:15 | Research | Chain Barding Armor |
| 18:31 | Build | Farm |
| 18:44 | Create | Conquistador |
| 19:03 | Build | Farm |
| 19:12 | Build | Farm |
| 19:17 | Create | Conquistador |
| 19:39 | Create | Villager (Male) |
| 19:43 | Build | Farm |
| 19:47 | Create | Conquistador |
| 19:56 | Build | Farm |
| 20:02 | Build | Farm |
| 20:20 | Create | Conquistador |
| 20:40 | Build | Siege Workshop |
| 20:49 | Create | Conquistador |
| 21:12 | Create | Villager (Male) |
| 21:12 | Create | Villager (Male) |
| 21:12 | Create | Villager (Male) |
| 21:23 | Build | Town Center |
| 22:36 | Create | Villager (Male) |
| 22:36 | Create | Villager (Male) |
| 22:36 | Create | Villager (Male) |
| 22:37 | Create | Villager (Male) |
| 23:02 | Create | Conquistador |
| 23:02 | Create | Conquistador |
| 23:03 | Create | Conquistador |
| 23:03 | Create | Conquistador |
| 23:03 | Create | Conquistador |
| 23:45 | Create | Conquistador |
| 23:51 | Create | Villager (Male) |
| 23:51 | Create | Villager (Male) |
| 23:51 | Create | Villager (Male) |
| 23:52 | Create | Villager (Male) |
| 24:43 | Build | University |
| 24:47 | Create | Villager (Male) |
| 24:47 | Create | Villager (Male) |
| 24:48 | Create | Villager (Male) |
| 24:48 | Create | Villager (Male) |
| 24:55 | Build | Farm |
| 24:57 | Build | Farm |
| 25:00 | Build | Farm |
| 25:03 | Build | Farm |
| 25:05 | Build | Farm |
| 25:54 | Create | Villager (Male) |
| 25:54 | Create | Villager (Male) |
| 25:54 | Create | Villager (Male) |
| 25:55 | Create | Villager (Male) |
| 25:55 | Create | Villager (Male) |
| 25:55 | Create | Villager (Male) |
| 26:01 | Build | Farm |
| 26:04 | Build | Farm |
| 26:07 | Build | Farm |
| 26:10 | Build | Farm |
| 26:50 | Create | Petard |
| 26:51 | Create | Petard |
| 27:02 | Research | Wheelbarrow |
| 27:08 | Research | Double-Bit Axe |
| 27:13 | Research | Horse Collar |
| 27:37 | Build | House |
| 27:37 | Build | House |
| 27:38 | Build | House |
| 27:38 | Build | House |
| 27:40 | Build | House |
| 27:55 | Create | Conquistador |
| 27:55 | Create | Conquistador |
| 27:55 | Create | Conquistador |
| 27:56 | Create | Conquistador |
| 27:56 | Create | Conquistador |
| 27:56 | Create | Conquistador |
| 28:01 | Create | Villager (Male) |
| 28:02 | Create | Villager (Male) |
| 28:03 | Create | Villager (Male) |
| 28:45 | Create | Conquistador |
| 28:45 | Create | Conquistador |
| 28:45 | Create | Conquistador |
| 29:09 | Create | Villager (Male) |
| 29:09 | Create | Villager (Male) |
| 29:09 | Create | Villager (Male) |
| 29:09 | Create | Villager (Male) |
| 29:10 | Create | Villager (Male) |
| 29:23 | Build | Farm |
| 29:24 | Build | Farm |
| 29:24 | Build | Farm |
| 29:24 | Build | Farm |
| 29:25 | Build | Farm |
| 29:25 | Build | Farm |
| 29:25 | Build | Farm |
| 29:25 | Build | Farm |
| 29:26 | Build | Farm |
| 29:29 | Build | Farm |
| 29:35 | Build | House |
| 29:35 | Build | House |
| 29:36 | Build | House |
| 29:37 | Build | House |
| 30:34 | Create | Villager (Male) |
| 30:34 | Create | Villager (Male) |
| 30:35 | Create | Villager (Male) |
| 30:35 | Create | Villager (Male) |
Build order — qitt1417
First 150 of 361 actions detected
| 0:01 | Create | Villager (Male) |
| 0:02 | Build | House |
| 0:03 | Build | House |
| 0:05 | Create | Villager (Male) |
| 0:05 | Create | Villager (Male) |
| 0:06 | Create | Villager (Male) |
| 1:35 | Create | Villager (Male) |
| 1:46 | Build | Lumber Camp |
| 2:01 | Create | Villager (Male) |
| 2:19 | Create | Villager (Male) |
| 2:42 | Create | Villager (Male) |
| 3:13 | Create | Villager (Male) |
| 3:39 | Create | Villager (Male) |
| 3:53 | Build | House |
| 3:54 | Build | House |
| 4:10 | Create | Villager (Male) |
| 4:21 | Build | House |
| 4:33 | Create | Villager (Male) |
| 4:33 | Create | Villager (Male) |
| 4:34 | Create | Villager (Male) |
| 4:53 | Build | Mill |
| 5:16 | Build | Outpost |
| 5:18 | Build | House |
| 5:35 | Create | Villager (Male) |
| 5:35 | Create | Villager (Male) |
| 5:36 | Create | Villager (Male) |
| 5:36 | Create | Villager (Male) |
| 5:59 | Build | Farm |
| 6:23 | Create | Villager (Male) |
| 6:23 | Create | Villager (Male) |
| 6:31 | Build | Farm |
| 6:34 | Build | Farm |
| 6:38 | Build | House |
| 6:51 | Create | Villager (Male) ×3 |
| 7:01 | Create | Villager (Male) |
| 7:01 | Create | Villager (Male) |
| 7:04 | Build | House |
| 7:04 | Build | House |
| 7:09 | Create | Villager (Male) |
| 7:10 | Create | Villager (Male) |
| 8:08 | Build | House |
| 8:18 | Build | Farm |
| 9:05 | Research | Feudal Age |
| 9:22 | Build | Mining Camp |
| 9:29 | Create | Villager (Male) |
| 9:30 | Create | Villager (Male) |
| 11:21 | Age | Feudal Age |
| 11:23 | Build | Blacksmith |
| 11:26 | Build | Market |
| 11:40 | Build | Outpost |
| 11:50 | Research | Horse Collar |
| 12:05 | Build | Stone Wall |
| 12:13 | Research | Castle Age |
| 12:14 | Research | Castle Age |
| 12:16 | Research | Double-Bit Axe |
| 12:20 | Build | Stone Wall |
| 12:35 | Build | Stone Wall |
| 12:50 | Build | Stone Wall |
| 12:57 | Build | Farm |
| 13:05 | Build | Stone Wall |
| 13:17 | Build | Farm |
| 13:33 | Build | Stone Wall |
| 13:34 | Build | Stone Wall |
| 14:05 | Build | Stone Wall |
| 14:10 | Build | Farm |
| 14:22 | Build | Outpost |
| 14:27 | Create | Villager (Male) |
| 14:39 | Build | Stone Wall |
| 14:43 | Build | Stone Wall |
| 14:45 | Build | Outpost |
| 14:53 | Age | Castle Age |
| 14:56 | Research | Heavy Plow |
| 14:57 | Research | Bow Saw |
| 15:03 | Build | Town Center |
| 15:11 | Research | Wheelbarrow |
| 15:14 | Build | Town Center |
| 15:39 | Build | Outpost |
| 16:05 | Create | Villager (Male) |
| 16:14 | Build | Farm |
| 16:22 | Build | Outpost |
| 16:23 | Build | Outpost |
| 16:40 | Create | Villager (Male) |
| 16:42 | Build | Farm |
| 16:43 | Build | Farm |
| 16:44 | Build | Farm |
| 16:46 | Create | Villager (Male) |
| 16:51 | Build | Farm |
| 17:00 | Create | Villager (Male) |
| 17:10 | Create | Villager (Male) |
| 17:12 | Build | Farm |
| 17:19 | Create | Villager (Male) |
| 17:22 | Create | Villager (Male) |
| 17:26 | Build | Stone Wall |
| 17:28 | Create | Villager (Male) |
| 17:30 | Build | Farm |
| 17:49 | Build | Palisade Wall |
| 17:51 | Build | Palisade Wall |
| 17:52 | Build | Palisade Wall |
| 17:57 | Create | Villager (Male) |
| 18:02 | Create | Villager (Male) |
| 18:03 | Create | Villager (Male) |
| 18:04 | Build | Farm |
| 18:09 | Build | Farm |
| 18:11 | Build | Farm |
| 18:12 | Create | Villager (Male) |
| 18:23 | Create | Villager (Male) |
| 18:24 | Create | Villager (Male) |
| 18:30 | Create | Villager (Male) |
| 18:41 | Build | Outpost |
| 18:49 | Create | Villager (Male) |
| 18:53 | Build | Farm |
| 18:55 | Create | Villager (Male) |
| 18:58 | Build | House |
| 19:06 | Build | Town Center |
| 19:07 | Create | Villager (Male) |
| 19:14 | Build | Siege Workshop |
| 19:15 | Create | Villager (Male) |
| 19:41 | Build | Mining Camp |
| 19:50 | Create | Villager (Male) |
| 19:50 | Create | Villager (Male) |
| 19:51 | Create | Villager (Male) |
| 19:57 | Build | House |
| 19:58 | Create | Villager (Male) |
| 20:00 | Build | House |
| 20:04 | Build | Mining Camp |
| 20:06 | Create | Villager (Male) |
| 20:12 | Create | Mangonel |
| 20:18 | Build | House |
| 20:19 | Build | House |
| 20:37 | Build | Stone Wall |
| 21:02 | Create | Villager (Male) |
| 21:02 | Create | Villager (Male) |
| 21:02 | Create | Villager (Male) |
| 21:06 | Build | Stone Wall |
| 21:08 | Create | Villager (Male) |
| 21:11 | Create | Mangonel |
| 21:12 | Create | Villager (Male) |
| 21:24 | Build | Stone Wall |
| 21:26 | Create | Villager (Male) |
| 21:31 | Create | Villager (Male) |
| 21:32 | Create | Villager (Male) |
| 21:36 | Create | Villager (Male) |
| 21:41 | Create | Villager (Male) |
| 21:55 | Build | Stone Wall |
| 21:55 | Create | Villager (Male) |
| 22:02 | Create | Villager (Male) |
| 22:10 | Create | Villager (Male) |
| 22:19 | Create | Villager (Male) |
| 22:29 | Build | House |
| 22:29 | Build | House |
Match timeline
| 9:13 | AI agent · first_building Barracks |
| 10:57 | AI agent · age_up feudal |
| 11:01 | AI agent · first_building Archery Range |
| 11:05 | Xavyyy · age_up feudal |
| 11:21 | qitt1417 · age_up feudal |
| 12:05 | qitt1417 · wall_segment Stone Wall x1 |
| 12:13 | qitt1417 · first_market_sell 100 stone |
| 12:20 | qitt1417 · wall_segment Stone Wall x1 |
| 12:35 | qitt1417 · wall_segment Stone Wall x1 |
| 12:50 | qitt1417 · wall_segment Stone Wall x1 |
| 13:01 | Vicko Guty · age_up feudal |
| 13:05 | qitt1417 · wall_segment Stone Wall x1 |
| 13:33 | qitt1417 · wall_segment Stone Wall x1 |
| 13:34 | qitt1417 · wall_segment Stone Wall x1 |
| 14:05 | qitt1417 · wall_segment Stone Wall x1 |
| 14:39 | qitt1417 · wall_segment Stone Wall x1 |
| 14:43 | qitt1417 · wall_segment Stone Wall x1 |
| 14:46 | Xavyyy · age_up castle |
| 14:53 | qitt1417 · age_up castle |
| 14:54 | AI agent · age_up castle |
| 15:14 | Xavyyy · first_building Siege Workshop |
| 15:17 | AI agent · first_building Monastery |
| 15:36 | Xavyyy · first_building Castle |
| 17:18 | Vicko Guty · age_up castle |
| 17:26 | qitt1417 · wall_segment Stone Wall x2 |
| 17:27 | Vicko Guty · first_building Castle |
| 17:49 | qitt1417 · wall_segment Palisade Wall x1 |
| 17:51 | qitt1417 · wall_segment Palisade Wall x1 |
| 17:52 | qitt1417 · wall_segment Palisade Wall x1 |
| 19:14 | qitt1417 · first_building Siege Workshop |
| 19:23 | AI agent · first_building Siege Workshop |
| 20:37 | qitt1417 · wall_segment Stone Wall x4 |
| 20:40 | Vicko Guty · first_building Siege Workshop |
| 21:06 | qitt1417 · wall_segment Stone Wall x6 |
| 21:24 | qitt1417 · wall_segment Stone Wall x1 |
| 21:55 | qitt1417 · wall_segment Stone Wall x6 |
| 23:08 | qitt1417 · wall_segment Stone Wall x1 |
| 23:14 | qitt1417 · wall_segment Stone Wall x4 |
| 25:11 | qitt1417 · wall_segment Stone Wall x1 |
| 25:35 | qitt1417 · wall_segment Stone Wall x4 |
| 26:37 | qitt1417 · wall_segment Stone Wall x5 |
| 26:57 | qitt1417 · wall_segment Stone Wall x1 |
| 26:58 | qitt1417 · wall_segment Stone Wall x1 |
| 27:15 | qitt1417 · wall_segment Stone Wall x5 |
| 27:17 | qitt1417 · wall_segment Stone Wall x9 |
| 27:31 | qitt1417 · first_building Castle |
| 28:31 | qitt1417 · first_building Barracks |
| 29:41 | qitt1417 · first_building Stable |
| 29:49 | AI agent · first_building Castle |
| 30:24 | qitt1417 · wall_segment Stone Wall x2 |
| 30:26 | qitt1417 · wall_segment Stone Wall x13 |
| 30:47 | Vicko Guty · first_building Barracks |
| 31:08 | qitt1417 · wall_segment Stone Wall x1 |
| 31:14 | qitt1417 · wall_segment Stone Wall x1 |
| 31:20 | qitt1417 · wall_segment Stone Wall x2 |
| 31:25 | qitt1417 · wall_segment Stone Wall x1 |
| 31:29 | Vicko Guty · first_building Stable |
| 32:09 | qitt1417 · first_building Archery Range |
| 32:41 | AI agent · age_up imperial |
| 32:59 | qitt1417 · wall_segment Stone Wall x6 |
| 33:09 | Vicko Guty · resign |
[ AI ANALYSIS · 1 CREDIT ]
What really happened in this match?
Wolo.gg analyzes every decision: build order, eco, micro, common mistakes by bracket. Personalized analysis on WhatsApp or Discord in 30 seconds.
Civ guide
Ethiopians
Map guide
Arena
Perfil
Jugador #2997421